 Dungeon Crawl Stone Soup version 0.25-a0-419-g7650d0d (webtiles) character file.

Game seed: 17069894389431489812, levelgen mode: deterministic

7049 Hinz the Protected (level 10, -3/94 HPs)
             Began as a Minotaur Berserker on Jan 16, 2020.
             Was an Elder of Trog.
             Killed from afar by an electric eel (10 damage)
             ... with a bolt of electricity
             ... on level 2 of the Lair of Beasts on Jan 17, 2020.
             The game lasted 01:04:30 (7161 turns).

Hinz the Protected (Minotaur Berserker)             Turns: 7161, Time: 01:04:31

Health: -3/94      AC: 11    Str: 25    XL:     10   Next: 83%
Magic:  9/9        EV: 12    Int:  4    God:    Trog [****..]
Gold:   329        SH:  0    Dex: 10    Spells: 9/9 levels left

rFire    + . .     SeeInvis +   C - +5 spear
rCold    x . .     Gourm    .   (no shield)
rNeg     . . .     Faith    .   r - +0 scale mail
rPois    .         Spirit   .   (helmet restricted)
rElec    .         Reflect  .   I - +0 cloak
rCorr    .         Harm     .   j - +0 pair of gloves
MR       ++...                  (no boots)
Stlth    ..........             (no amulet)
HPRegen  1.25/turn              d - ring of fire
MPRegen  0.11/turn              x - ring of see invisible

@: lethally poisoned (-3 -> -4), berserk cooldown, regenerating, slowed, very
slow
A: retaliatory headbutt, horns 2
a: Berserk, Trog's Hand, Brothers in Arms, Renounce Religion


You were on level 2 of the Lair of Beasts.
You worshipped Trog.
Trog was greatly pleased with you.
You were near starving.

You visited 2 branches of the dungeon, and saw 10 of its levels.

You collected 546 gold pieces.
You spent 217 gold pieces at shops.

Inventory:

Hand Weapons
 u - a +2 flail of protection
 C - a +5 spear (weapon)
Missiles
 z - 2 curare-tipped darts (quivered)
Armour
 j - a +0 pair of gloves (worn)
 r - a +0 scale mail (worn)
 I - a +0 cloak (worn)
Jewellery
 d - a ring of fire (left hand)
 x - a ring of see invisible (right hand)
 B - an uncursed ring of protection from fire {unknown}
Wands
 a - a wand of paralysis (2)
 q - a wand of flame (34)
 v - a wand of polymorph (6)
 F - a wand of disintegration (12)
Scrolls
 b - 4 scrolls of remove curse
 e - a scroll of fear {unknown}
 i - 2 scrolls of teleportation
 k - 9 scrolls of identify
 l - 3 scrolls of magic mapping {unknown}
 m - a scroll of noise {unknown}
 p - 3 scrolls of enchant armour
 y - a scroll of fog {unknown}
 A - a scroll of amnesia {unknown}
 E - a scroll of blinking {unknown}
 G - a scroll of random uselessness {unknown}
 K - 2 scrolls of enchant weapon {unknown}
Potions
 f - a potion of curing {unknown}
 g - 2 potions of haste
 h - a potion of degeneration {unknown}
 n - 2 potions of berserk rage {unknown}
 o - 3 potions of lignification {unknown}
 s - a potion of resistance {unknown}
 t - 2 potions of cancellation {unknown}
 w - a potion of brilliance {unknown}
 H - a potion of might {unknown}
Comestibles
 c - 13 rations
 J - 17 chunks of flesh


   Skills:
 * Level 10.7 Fighting
   Level 8.1(10.4) Axes
 - Level 5.3(7.4) Maces & Flails
 * Level 8.9(10.2) Polearms
 * Level 10.9 Armour
 - Level 4.0 Dodging
 - Level 1.1 Stealth


You had 9 spell levels left.
You didn't know any spells.
Your spell library was empty.

Dungeon Overview and Level Annotations

Branches:
Dungeon (8/15)             Temple (0/1) D:5            Lair (2/6) D:8
  Swamp: Lair:2-4    Shoals: Lair:2-4     Snake: Lair:2-4    Spider: Lair:2-4

Altars:
Cheibriados
Dithmenos
Fedhas
Makhleb
Okawaru
Qazlal
Ru
Sif Muna
Vehumet

Shops:
D:7 *:?


Innate Abilities, Weirdness & Mutations

You reflexively headbutt those who attack you in melee.
You have a pair of horns on your head.


Message History

You are too injured to fight recklessly!
You are too injured to fight recklessly!
As you read the scroll of teleportation, it crumbles to dust.
You feel strangely unstable.
You feel very sick. The wolf bites you!
* * * LOW HITPOINT WARNING * * *
The spiny frog closely misses you. The wolf bites you but does no damage.
The spiny frog stings you!
* * * LOW HITPOINT WARNING * * *
You feel very sick. The wolf bites you but does no damage.
The wolf barely misses you.
You feel sick. The wolf bites you but does no damage.
You see here a wolf skeleton.
Your surroundings suddenly seem different.
You feel sick.
An electric eel comes into view.
The electric eel shoots out a bolt of lightning at you!
The bolt of electricity hits you!
You die...

..§ ≈;≈≈;..#
P.. §≈≈... ....
.....# .....
....#
...#.#....##
......#....##..
........P......
#P.@.......
#...P......
#..####.....
.P.. ...# .....
.## ...#. ..
.### #


You could see 2 electric eels.

Vanquished Creatures
  Pikel (D:7)
  3 spiny frogs
  2 hippogriffs
  Sigmund (D:5)
  5 yaks (Lair:1)
  4 water moccasins (Lair:1)
  A porcupine (Lair:1)
  2 sky beasts
  A slave (D:7)
  A necrophage (D:6)
  A black bear (D:8)
  6 wolves (Lair:2)
  3 ice beasts
  2 centaurs (D:5)
  2 ogres
  3 crocodiles
  Blork the orc (D:6)
  6 bullfrogs
  A scorpion (D:8)
  11 killer bees (D:8)
  10 wights
  3 howler monkeys
  2 crimson imps
  A centaur zombie (D:7)
  A hound (D:5)
  2 jellies
  3 orc wizards
  Jessica (D:2)
  5 iguanas
  6 worker ants
  Ijyb (D:5)
  A hound zombie (D:7)
  A worker ant zombie (D:5)
  8 gnolls
  3 adders
  3 oozes
  2 worms
  6 leopard geckos
  14 orcs
  7 bats
  2 giant cockroaches
  8 goblins
  7 hobgoblins
  9 jackals
  6 kobolds
  5 quokkas
  14 frilled lizards
  9 rats
  A plant (Lair:1)
198 creatures vanquished.

Vanquished Creatures (others)
  2 fungi
2 creatures vanquished.

Grand Total: 200 creatures vanquished

Notes
Turn   | Place    | Note
-------+----------+-------------------------------------------
     0 | D:1      | Hinz the Minotaur Berserker began the quest for the Orb.
     0 | D:1      | Reached XP level 1. HP: 19/19 MP: 0/0
    99 | D:1      | Reached XP level 2. HP: 27/27 MP: 1/1
   297 | D:1      | Reached ** piety under Trog
   541 | D:2      | Reached XP level 3. HP: 33/33 MP: 2/2
   948 | D:2      | Noticed Jessica
   956 | D:2      | Killed Jessica
  1203 | D:3      | Found a faded altar of an unknown god.
  1219 | D:3      | Reached XP level 4. HP: 40/41 MP: 3/3
  1652 | D:3      | Reached skill level 5 in Axes
  2115 | D:4      | Reached XP level 5. HP: 40/47 MP: 4/4
  2363 | D:4      | Found a blossoming altar of Fedhas.
  2510 | D:4      | Reached *** piety under Trog
  2653 | D:4      | Found a snail-covered altar of Cheibriados.
  2735 | D:5      | Entered Level 5 of the Dungeon
  2735 | D:5      | Noticed a centaur
  2743 | D:5      | Killed a centaur
  2743 | D:5      | Reached XP level 6. HP: 54/55 MP: 5/5
  2779 | D:5      | Reached skill level 5 in Fighting
  2779 | D:5      | Reached skill level 1 in Maces & Flails
  2828 | D:5      | Found a staircase to the Ecumenical Temple.
  3004 | D:5      | Noticed an ice beast
  3007 | D:5      | Found a shadowy altar of Dithmenos.
  3010 | D:5      | Reached XP level 7. HP: 61/61 MP: 6/6
  3012 | D:5      | Reached skill level 1 in Stealth
  3014 | D:5      | Reached skill level 5 in Armour
  3049 | D:5      | Noticed Sigmund
  3055 | D:5      | Noticed Ijyb
  3069 | D:5      | Killed Sigmund
  3076 | D:5      | Killed Ijyb
  3158 | D:5      | Reached XP level 8. HP: 70/70 MP: 7/7
  4079 | D:6      | Noticed Blork the orc
  4087 | D:6      | Killed Blork the orc
  4121 | D:6      | Found an iron altar of Okawaru.
  4235 | D:6      | Reached skill level 5 in Maces & Flails
  4278 | D:6      | Reached skill level 1 in Polearms
  4436 | D:6      | Found a shimmering blue altar of Sif Muna.
  4557 | D:6      | Reached **** piety under Trog
  5017 | D:7      | Reached XP level 9. HP: 65/79 MP: 8/8
  5205 | D:7      | Found Laskif's Book Shoppe.
  5227 | D:7      | Found Noguch's General Store.
  5278 | D:7      | Noticed Pikel
  5287 | D:7      | Killed Pikel
  5337 | D:7      | Found a burning altar of Makhleb.
  5356 | D:7      | Found Pezxac's Magic Scroll Boutique.
  5441 | D:7      | Upgraded the game from 0.25-a0-413-g3b4b6a4 to
                  | 0.25-a0-419-g7650d0d
  5482 | D:7      | Reached skill level 5 in Polearms
  5502 | D:7      | Bought a scroll of enchant armour for 105 gold pieces
  5502 | D:7      | Bought a scroll of identify for 28 gold pieces
  5502 | D:7      | Bought a scroll of remove curse for 42 gold pieces
  5502 | D:7      | Bought a scroll of remove curse for 42 gold pieces
  5902 | D:7      | Found a sacrificial altar of Ru.
  5942 | D:8      | Found a radiant altar of Vehumet.
  6042 | D:8      | Found a stormy altar of Qazlal.
  6359 | D:8      | Reached XP level 10. HP: 78/91 MP: 9/9
  6479 | D:8      | Found a staircase to the Lair.
  6486 | Lair:1   | Entered Level 1 of the Lair of Beasts
  6509 | Lair:1   | Noticed a spiny frog
  6524 | Lair:1   | Killed a spiny frog
  6524 | Lair:1   | Reached skill level 10 in Armour
  6781 | Lair:1   | Reached skill level 10 in Fighting
  6813 | Lair:1   | Noticed a spiny frog
  6825 | Lair:1   | Killed a spiny frog
  7141 | Lair:2   | Noticed a spiny frog
  7146 | Lair:2   | Noticed a spiny frog
  7147 | Lair:2   | Killed a spiny frog
  7161 | Lair:2   | Killed from afar by an electric eel

Levels and vault maps discovered:
D:1:      dpeg_arrival_arbitrary_a, layout_loops_ring
D:2:      layout_basic, first_ration, minmay_misc_feat_tiny, uniq_jessica
D:3:      layout_basic, chequers_ecumenical_altar_simple_redux,
          minmay_lizard_king
D:4:      wad_woods_settlement, layout_loops_ring, cheibriados_altar_1,
          kennysheep_little_box, ebering_ghost_reflecting_pool
D:5:      layout_loops_corners, minmay_temple_entry_junction,
          grunt_decor_mini_mirrors, kennysheep_diamond, minmay_statues_item,
          uniq_sigmund, uniq_ijyb
D:6:      layout_loops_ring, nicolae_overflow_hidden_temple, serial_glass,
          glass_columns_a, glass_columns_a, tgw_sif, uniq_blork_the_orc
D:7:      layout_cave_pods, marbit_many_paths, lemuel_doored_altar,
          serial_shops, nicolae_shop_window_shopping, shop, shop, uniq_pikel
D:8:      black_bear_nest_2, layout_loops_corners, xom_shifter_show,
          lemuel_crystal_altar, lair_entry_dummy, basic_altar
Lair:1:   layout_loops_ring
Lair:2:   layout_misc_corridors, minmay_swamp_entry_eels, basic_altar,
          grunt_megastairs_3, uniq_gastronok

Skill      XL: |  1  2  3  4  5  6  7  8  9 10 |
---------------+-------------------------------+-----
Fighting       | 4 5 6 7 9 10 | 10.7
Axes           | 4 5 6 7 8 |  8.1
Armour         | 3 4 5 7 9 10 | 10.9
Maces & Flails | 1 3 5 |  5.3
Dodging        | 3 4 |  4.0
Stealth        | 1 |  1.1
Polearms       | 3 6 8 |  8.9

Action                   |  1- 3 |  4- 6 |  7- 9 | 10-12 || total
-------------------------+-------+-------+-------+-------++-------
Melee: Hand axe          |    68 |     9 |       |       ||    77
       Headbutt          |    11 |    16 |    39 |    30 ||    96
       War axe           |       |    56 |       |       ||    56
       Flail             |       |    35 |    50 |       ||    85
       Spear             |       |       |   200 |   109 ||   309
Invok: Berserk           |     1 |     4 |     9 |     2 ||    16
       Trog's Hand       |     1 |     1 |     5 |     2 ||     9
  Use: Scroll            |       |     5 |     1 |     1 ||     7
       Potion            |       |     1 |       |     1 ||     2
  Eat: Chunk             |     2 |     9 |     7 |     5 ||    23
       Ration            |       |       |     4 |       ||     4
Armor: Animal skin       |     4 |       |       |       ||     4
       Leather armour    |     9 |       |       |       ||     9
       Ring mail         |    16 |     2 |       |       ||    18
       Scale mail        |       |    37 |    74 |    24 ||   135
Dodge: Dodged            |    48 |    59 |   103 |    42 ||   252

Table legend:
 A = Non-vault XP
 B = Vault XP
 C = Vault XP percentage of total XP
 D = Non-vault monster count
 E = Vault monster count
 F = Vault count percentage of total count
                 A         B        C        D         E       F
            +---------+---------+-------+---------+---------+-------
      Total |    8324 |    1747 |  17.3 |     169 |      27 |  13.8
            +---------+---------+-------+---------+---------+-------
        D:1 |      34 |       0 |   0.0 |      21 |       0 |   0.0
        D:2 |      16 |      37 |  69.8 |       9 |       1 |  10.0
        D:3 |      44 |      11 |  20.0 |      21 |       9 |  30.0
        D:4 |      92 |      61 |  39.9 |       5 |       6 |  54.5
        D:5 |     794 |     505 |  38.9 |      27 |       5 |  15.6
        D:6 |     852 |     139 |  14.0 |      23 |       2 |   8.0
        D:7 |     978 |     673 |  40.8 |      21 |       1 |   4.5
        D:8 |    1286 |     126 |   8.9 |      19 |       1 |   5.0
     Lair:1 |    2867 |       0 |   0.0 |      15 |       0 |   0.0
     Lair:2 |    1361 |     195 |  12.5 |       8 |       2 |  20.0
            +---------+---------+-------+---------+---------+-------
